 Dungeon Crawl Stone Soup version 0.29.0-4-gdea44cf6ec (webtiles) character file.

Game seed: 13489733661353212420

14 qw the Sneak (level 2, 0/19 HPs)
             Began as a Gargoyle Delver on Sept 10, 2022.
             Slain by an orc
             ... wielding a +0 club
              (5 damage)
             ... on level 3 of the Dungeon.
             The game lasted 00:00:05 (63 turns).

qw the Sneak (Gargoyle Delver)                        Turns: 63, Time: 00:00:05

Health: 0/19       AC:  5    Str: 15    XL:     2   Next: 41%
Magic:  2/2        EV: 11    Int: 10    God:
Gold:   0          SH:  0    Dex: 11    Spells: 1/1 levels left

rFire   . . .      SeeInvis .   a - +0 hand axe
rCold   . . .      Faith    .   (no shield)
rNeg    + . .      Spirit   .   b - +0 leather armour
rPois   inf        Reflect  .   (no helmet)
rElec   +          Harm     .   (no cloak)
rCorr   .          Rampage  .   (no gloves)
Will    .....                   (no boots)
Stlth   +++.......              (no amulet)
HPRegen 0.06/turn               (no ring)
MPRegen 0.08/turn               (no ring)

@: no status effects
A: sickness immunity, AC +2, negative energy resistance 1, electricity
resistance, torment resistance 1, petrification resistance
a: no special abilities


You were on level 3 of the Dungeon.
You visited 1 branch of the dungeon, and saw 3 of its levels.


Innate Abilities, Weirdness & Mutations

You are immune to sickness and miasma.
Your stone body is resilient. (AC +2)
You are immune to poison.
You resist negative energy. (rN+)
You are resistant to electric shocks. (rElec)
You are resistant to unholy torment.
You are immune to petrification.


   Skills:
 - Level 3.2 Fighting
 + Level 2.7 Axes
 - Level 1.5 Dodging
 - Level 5.4 Stealth


You had one spell level left.
You didn't know any spells.
Your spell library was empty.

Inventory:

Hand Weapons
 a - a +0 hand axe (weapon)
Armour
 b - a +0 leather armour (worn)
Wands
 g - a wand of digging (3)
Potions
 f - a potion of haste

Dungeon Overview and Level Annotations

Branches:
Dungeon (5/15)
 Temple: D:4-7

Altars:


Message History

The orc is heavily wounded.
You hit the orc. The orc hits you but does no damage. x2
You hit the orc.
You kill the orc!
You hit the orc. The orc misses you.
You hit the orc.
The orc is severely wounded.
You hit the orc.
The orc is almost dead.
You hit something. The orc hits you with a +0 hand axe.
Something hits you but does no damage.
You hit the orc but do no damage.
The orc is almost dead.
You miss something. The orc closely misses you. Something hits you.
You barely miss the orc.
The orc is almost dead.
You barely miss something. The orc hits you with a +0 hand axe.
Something hits you but does no damage. x2
The orc barely misses you.
You hit the orc.
You kill the orc!
You hit something but do no damage. Something hits you.
You closely miss something. Something hits you but does no damage.
You barely miss something. Something hits you but does no damage.
You hit something. Something hits you but does no damage.
You barely miss something. You hit the orc but do no damage.
You hit something but do no damage. Something hits you but does no damage.
The orc hits you but does no damage.
You slash the orc!
The orc is almost dead.
You closely miss something. Something hits you but does no damage.
The orc hits you with a +0 club.
You die... ############### .......>....@)# #############o# .# .# .# .# .# .#

You could see an orc.

Vanquished Creatures
  An adder (D:3)
  2 orcs (D:3)
  A frilled lizard (D:3)
4 creatures vanquished.

Notes
Turn   | Place    | Note
-------+----------+-------------------------------------------
     0 | D:5      | qw the Gargoyle Delver began the quest for the Orb.
     0 | D:5      | Reached XP level 1. HP: 14/14 MP: 1/1
     0 | D:5      | 0 ||| qw: Version: 0.1-a-116-g5d60599
     0 | D:5      | 0 ||| qw: Game counter: 8220
     0 | D:5      | 0 ||| qw: Always use a shield: true
     0 | D:5      | 0 ||| qw: God list: Okawaru
     0 | D:5      | 0 ||| qw: Allow faded altars: false
     0 | D:5      | 0 ||| qw: Do Orc after D:15 true
     0 | D:5      | 0 ||| qw: Do second Lair branch before Depths: true
     0 | D:5      | 0 ||| qw: Lair rune preference: random
     0 | D:5      | 0 ||| qw: Plans: Normal
     0 | D:5      | 0 ||| PLANNING D:1-11
     4 | D:5      | 4 ||| DROPPING scroll of fog.
     5 | D:5      | 5 ||| DROPPING scroll of magic mapping.
     6 | D:5      | 6 ||| DROPPING scroll of fear.
    40 | D:3      | 40 ||| Stepping ~*~*~tactically~*~*~ (stealth).
    47 | D:3      | Noticed an orc wizard
    49 | D:3      | Reached XP level 2. HP: 17/19 MP: 2/2
    63 | D:3      | Slain by an orc

Levels and vault maps discovered:
D:3:      layout_basic, gammafunk_temple_overflow_statue, nrook_mini_vaults
D:4:      layout_gridville, kennysheep_mini, lemuel_doored_altar,
          minmay_temple_entry_drinking_statues
D:5:      layout_basic, general_overflow_altar, mainiacjoe_overflow_paths

Skill      XL: |  1 |
---------------+----+-----
Axes           | 2 |  2.7
Fighting       | |  3.2
Dodging        | |  1.5
Stealth        | |  5.4

Action                   || total
-------------------------++-------
Melee: Hand axe          ||    23
Armor: Leather armour    ||    12
Dodge: Dodged            ||    13

Table legend:
 A = Non-vault XP
 B = Vault XP
 C = Vault XP percentage of total XP
 D = Non-vault monster count
 E = Vault monster count
 F = Vault count percentage of total count
                 A         B        C        D         E       F
            +---------+---------+-------+---------+---------+-------
      Total |      20 |       0 |   0.0 |       4 |       0 |   0.0
            +---------+---------+-------+---------+---------+-------
        D:3 |      20 |       0 |   0.0 |       4 |       0 |   0.0
            +---------+---------+-------+---------+---------+-------
